 Dungeon Crawl Stone Soup version 0.30.0-17-ge0270778cf (webtiles) character file.

Game seed: 10610156368816307288

12835 olmar the Basher (level 11, -11/99 HPs)
             Began as a Ghoul Monk on May 21, 2023.
             Was an Initiate of Gozag.
             Killed from afar by a tengu reaver (40 damage)
             ... with a bolt of fire
             ... on level 12 of the Dungeon.
             The game lasted 00:18:38 (8458 turns).

olmar the Basher (Ghoul Monk)                       Turns: 8458, Time: 00:18:38

Health: -11/99     AC: 24    Str: 29    XL:     11   Next: 99%
Magic:  10/10      EV: 10    Int:  7    God:    Gozag
Gold:   1602       SH:  0    Dex: 11    Spells: 10/10 levels left

rFire   . . .        o - +6 mace "Fuar" {protect, rElec rN+ Int+2}
rCold   + . .        c - orb {light}
rNeg    + + +        q - +3 chain mail "Ecosoheh" {Will- Str+9 SInv}
rPois   ∞            M - +1 helmet
rElec   +            L - +0 cloak
rCorr   .            (no gloves)
SInv    +            (no boots)
Will    .....        t - amulet of regeneration Stlth
                     G - ring of willpower
HPRegen 0.00/turn    (no ring)
MPRegen 0.12/turn

%: no passive effects
@: about to teleport, under a protective aura, inhibited regen, glowing
A: claws 1, cold resistance 1, negative energy resistance 3, inhibited
regeneration, torment resistance 2, devour on kill
a: Renounce Religion, Potion Petition, Call Merchant, Bribe Branch


You were on level 12 of the Dungeon.
You worshipped Gozag.
Gozag was most pleased with you.
You visited 1 branch of the dungeon, and saw 12 of its levels.
You also visited: Ossuary.

You collected 2222 gold pieces.
You paid 620 gold pieces to Gozag.

Inventory:

Hand Weapons
 o - the +6 mace "Fuar" (weapon) {protect, rElec rN+ Int+2}
   (You found it on level 2 of the Dungeon)

   Int:       It affects your intelligence (+2).
   rElec:     It insulates you from electricity.
   rN:        It protects you from negative energy.
 p - a +3 whip of draining
 x - a +1 whip of chaos
Missiles
 i - 28 poisoned darts
 J - 6 javelins
Armour
 a - a +0 robe
 c - an orb of light (worn)
 j - a +0 ring mail
 l - a +0 chain mail
 q - the +3 chain mail "Ecosoheh" (worn) {Will- Str+9 SInv}
   (You found it on level 2 of the Dungeon)

   Str:       It affects your strength (+9).
   SInv:      It lets you see invisible.
   Will:      It decreases your willpower.
 F - +0 steam dragon scales
 L - a +0 cloak (worn)
 M - a +1 helmet (worn)
Jewellery
 f - a ring of see invisible
 t - an amulet of regeneration (around neck)
 C - an amulet of magic regeneration
 G - a ring of willpower (left claw)
 K - a ring of magical power
 V - a ring of wizardry
Wands
 w - a wand of acid (6)
 R - a wand of charming (1)
 S - a wand of digging (5)
Scrolls
 e - 4 scrolls of fog
 n - a scroll of vulnerability
 s - 2 scrolls of enchant weapon
 v - a scroll of enchant armour
 y - 2 scrolls of noise
 z - 2 scrolls of amnesia
 D - 2 scrolls of magic mapping
 E - 5 scrolls of teleportation
 N - a scroll of torment {unknown}
 P - a scroll of butterflies {unknown}
 Q - 4 scrolls of identify
 T - a scroll of silence {unknown}
 U - 2 scrolls of poison {unknown}
Potions
 b - 2 potions of ambrosia
 d - a potion of might
 g - 2 potions of curing
 h - 3 potions of attraction
 k - 4 potions of flight
 m - 3 potions of lignification
 r - 2 potions of degeneration {unknown}
 u - 3 potions of brilliance {unknown}
 A - a potion of invisibility {unknown}
 B - 3 potions of haste {unknown}
 H - 3 potions of magic {unknown}


   Skills:
 + Level 10.0 Fighting
 + Level 12.4 Maces & Flails
 + Level 8.1 Armour
 - Level 3.0 Dodging
 - Level 4.1 Unarmed Combat
 + Level 2.7 Evocations


You had 10 spell levels left.
You didn't know any spells.
Your spell library contained the following spells:

 Spells                   Type           Power      Damage    Failure   Level
 Magic Dart               Conj           0%         1d3       86%         1
 Poisonous Vapours        Pois/Air       0%         N/A       95%         2
 Searing Ray              Conj           0%         2d4       95%         2
 Mephitic Cloud           Conj/Pois/Air  0%         N/A       99%         3
 Fulminant Prism          Conj/Hex       0%         3d5       100%        4
 Freezing Cloud           Conj/Ice/Air   0%         6-21      100%        5


Dungeon Overview and Level Annotations

Branches:
Dungeon (12/15)            Temple (0/1) D:7            Lair (0/5) D:10
    Orc (0/2) D:9         Ossuary (visited)

Altars:
Ashenzari
Dithmenos
Fedhas
Gozag
Hepliaklqana
Makhleb
Nemelex Xobeh
Ru
Uskayaw
Vehumet
Xom

Annotations:
D:3 wolfgangpup's ghost, amateur MiCK
D:6 1 runed translucent door, Crazy Yiuf
D:9 6 transporters
D:12 Erica; Rupert


Innate Abilities, Weirdness & Mutations

You are immune to poison.
You have sharp fingernails.
Your flesh is cold resistant. (rC+)
You are immune to negative energy. (rN+++)
You do not regenerate when monsters are visible.
You are immune to unholy pain and torment.
You thrive by killing the living.


Message History

Things that are here:
a +0 short sword; a +0 leather armour
Items here: )) [[[.
Found 5 stones.
A tengu reaver comes into view. It is wielding a +0 great sword.
There are monsters nearby!
There are monsters nearby!
There are monsters nearby!
The tengu reaver shouts!
You hear a shout!
A yaktaur captain comes into view. It is wielding a +0 dagger.
The yaktaur captain shouts!
The yaktaur captain unwields a +0 dagger.
The yaktaur captain wields a +0 arbalest.
The yaktaur captain shoots a bolt.
The bolt hits you!!
You closely miss the tengu reaver.
The yaktaur captain shoots a bolt.
The bolt hits you.
The tengu reaver hits you but does no damage.
The tengu reaver closely misses you. The tengu reaver claws you.
Unknown command.
You barely miss the tengu reaver.
The yaktaur captain shoots a bolt.
The bolt hits you!
You sock the tengu reaver!
Your weapon exudes an aura of protection.
The tengu reaver is lightly wounded.
The tengu reaver hits you but does no damage.
The tengu reaver pecks you but does no damage.
The tengu reaver claws you but does no damage.
The yaktaur captain shoots a bolt.
The bolt hits you!!
* * * LOW HITPOINT WARNING * * *
Okay, then.
Okay, then.
Okay, then.
Okay, then.
Okay, then.
As you read the scroll of teleportation, it crumbles to dust.
You feel strangely unstable.
The tengu reaver gestures at you while chanting.
The bolt of fire hits you!!!
You die...
Your body crumbles into a pile of gold.

.....####...##...
##..#.).#..##.
.......##.........##..)).###..#
# .......g.........##.....##
#..###
.....YYg..........#.....##
##.##.
#....##YH......#....>..#.# ....
....)..Dg#..............## ...
....###..#.#.......#...## #.
..#...............###..## #. #
##.W.....##..#@........ #
#.......#.$..Q.W......... #
#....##.c$$$.............# ##
.##........$....###......# ##.
#.............# .$....# ###..
................. ......##....
..............#.. (..#........
.##.........$.#.. ..#.#......
............. . #...###.o.


You could see a tengu reaver, a yaktaur captain and a wraith.

Vanquished Creatures
  2 two-headed ogres
  A deep elf knight (D:12)
  Pikel (D:7)
  2 wizards (D:12)
  A cyclops (D:8)
  An elephant (D:10)
  A manticore (D:12)
  An unseen horror (D:12)
  Maggie (D:6)
  A troll (D:9)
  Prince Ribbit (D:6)
  3 slime creatures (D:12)
  2 wraiths
  10 yaks
  3 wyverns
  A basilisk (D:10)
  A steam dragon (D:6)
  Menkaure (Ossuary)
  2 acid dragons
  5 orc warriors
  A black bear (D:10)
  5 sky beasts
  3 centaurs
  A lemure (D:7)
  3 kobold brigands
  A gnoll sergeant (D:12)
  An elf skeleton (D:7)
  3 bullfrogs
  A scorpion (D:5)
  19 wights
  8 killer bees
  2 howler monkeys
  An electric eel (D:10)
  A crimson imp (D:4)
  4 jellies
  2 orc priests
  4 hounds
  2 iguanas (D:5)
  A sleepcap (D:8)
  2 human skeletons (D:7)
  15 orc wizards
  3 mummies (Ossuary)
  3 gnolls (D:12)
  4 adders
  A white imp (D:6)
  An ufetubus (D:5)
  2 worms (D:2)
  2 dart slugs
  33 orcs
  6 endoplasms
  8 gnoll zombies (Ossuary)
  2 hobgoblins (D:3)
  3 jackals (D:1)
  2 quokkas
  7 ball pythons
  3 bats
  4 frilled lizards
  5 gnoll skeletons (Ossuary)
  5 goblins
  3 goblin skeletons (Ossuary)
  3 goblin zombies (Ossuary)
  6 hobgoblin skeletons (Ossuary)
  4 hobgoblin zombies (Ossuary)
  25 kobolds
  3 kobold skeletons (Ossuary)
  3 kobold zombies (Ossuary)
  8 orc skeletons
  4 orc zombies (Ossuary)
  9 rats
  3 rat skeletons (Ossuary)
  3 rat zombies (Ossuary)
  A spectral goblin (D:2)
290 creatures vanquished.

Vanquished Creatures (others)
  A cyclops (D:12)
  A komodo dragon (D:9)
  A yak (D:12)
  An orc (D:12)
4 creatures vanquished.

Grand Total: 294 creatures vanquished

Notes
Turn   | Place    | Note
-------+----------+-------------------------------------------
     0 | D:1      | olmar the Ghoul Monk began the quest for the Orb.
     0 | D:1      | Reached XP level 1. HP: 19/19 MP: 0/0
   130 | D:1      | Reached XP level 2. HP: 24/26 MP: 1/1
   623 | D:2      | Found a faded altar of an unknown god.
   698 | D:2      | Reached XP level 3. HP: 30/33 MP: 2/2
   839 | D:2      | Identified the +6 mace "Fuar" {protect, rElec rN+ Int+2}
  1061 | D:2      | Identified the +3 chain mail "Ecosoheh" {Will- Str+9 SInv}
  1363 | D:3      | Noticed a centaur
  1370 | D:3      | Killed a centaur
  1371 | D:3      | Reached skill level 1 in Maces & Flails
  1371 | D:3      | Reached XP level 4. HP: 27/41 MP: 3/3
  1371 | D:3      | Reached XP level 5. HP: 31/47 MP: 4/4
  1591 | D:3      | Reached skill level 1 in Armour
  1598 | D:3      | Reached skill level 2 in Maces & Flails
  1797 | D:3      | Found a runed translucent gate.
  1797 | D:3      | Noticed a kobold brigand
  1798 | D:3      | Found a runed translucent gate.
  1799 | D:3      | Found a runed translucent gate.
  1799 | D:3      | Noticed wolfgangpup's ghost (amateur MiCK)
  1816 | D:3      | Killed a kobold brigand
  1817 | D:3      | Reached skill level 5 in Fighting
  1817 | D:3      | Reached XP level 6. HP: 37/56 MP: 5/5
  2234 | D:4      | Found a large runed translucent door.
  2235 | D:4      | Found a large runed translucent door.
  2235 | D:4      | Found a shimmering altar of Xom.
  2420 | D:4      | Found a radiant altar of Vehumet.
  2421 | D:4      | Found a burning altar of Makhleb.
  2424 | D:4      | Reached skill level 3 in Maces & Flails
  2705 | D:4      | Found a hazy altar of Hepliaklqana.
  2938 | D:5      | Entered Level 5 of the Dungeon
  2962 | D:5      | Reached XP level 7. HP: 41/61 MP: 6/6
  3023 | D:5      | Reached skill level 4 in Maces & Flails
  3107 | D:5      | Identified the +3 falchion "Okhuf" {heavy, Will+}
  3184 | D:5      | Found an opulent altar of Gozag.
  3269 | D:5      | Became a worshipper of Gozag Ym Sagoz the Greedy
  3553 | D:6      | Reached skill level 5 in Maces & Flails
  3596 | D:6      | Noticed Prince Ribbit
  3604 | D:6      | Reached XP level 8. HP: 50/70 MP: 7/7
  3606 | D:6      | Killed Prince Ribbit
  3667 | D:6      | Noticed Maggie
  3678 | D:6      | Killed Maggie
  3679 | D:6      | Reached skill level 6 in Maces & Flails
  3811 | D:6      | Reached skill level 7 in Maces & Flails
  3930 | D:6      | Reached XP level 9. HP: 12/78 MP: 8/8
  3945 | D:6      | Reached skill level 1 in Evocations
  4165 | D:6      | Found a blossoming altar of Fedhas.
  4228 | D:6      | Found a runed translucent door.
  4229 | D:6      | Noticed Crazy Yiuf
  4364 | D:7      | Noticed Pikel
  4369 | D:7      | Killed Pikel
  4370 | D:7      | Reached skill level 8 in Maces & Flails
  4370 | D:7      | Reached skill level 5 in Armour
  4387 | D:7      | Found a staircase to the Ecumenical Temple.
  4470 | D:7      | Found a sand-covered staircase.
  4479 | Ossuary  | Entered an ossuary
  4916 | Ossuary  | Noticed Menkaure
  4927 | Ossuary  | Killed Menkaure
  5087 | D:7      | Identified the +2 robe of Oblivion {Contam rElec Str+3}
  5382 | D:7      | Reached skill level 9 in Maces & Flails
  5382 | D:7      | Reached XP level 10. HP: 80/86 MP: 9/9
  5613 | D:8      | Noticed a two-headed ogre
  5619 | D:8      | Killed a two-headed ogre
  5639 | D:8      | Found a sparkling altar of Nemelex Xobeh.
  5673 | D:8      | Found a sacrificial altar of Ru.
  5862 | D:8      | Found a broken altar of Ashenzari.
  5939 | D:8      | Noticed a cyclops
  5945 | D:8      | Killed a cyclops
  5946 | D:8      | Reached skill level 10 in Maces & Flails
  6297 | D:9      | Found a transporter.
  6303 | D:9      | Found a transporter.
  6386 | D:9      | Found a shadowy altar of Dithmenos.
  6410 | D:9      | Found a transporter.
  6416 | D:9      | Found a transporter.
  6502 | D:9      | Found a staircase to the Orcish Mines.
  6596 | D:9      | Found a transporter.
  6602 | D:9      | Found a transporter.
  6838 | D:10     | Entered Level 10 of the Dungeon
  6906 | D:9      | Reached XP level 11. HP: 35/95 MP: 10/10
  6912 | D:9      | Reached skill level 11 in Maces & Flails
  7129 | D:10     | Found a staircase to the Lair.
  7131 | D:10     | Found a hide-covered altar of Uskayaw.
  7150 | D:10     | Noticed a +0 dagger
  7175 | D:10     | Noticed a +0 hand axe
  8123 | D:12     | Noticed a cyclops
  8137 | D:12     | Noticed a +10 long sword
  8164 | D:12     | Noticed a deep elf knight
  8164 | D:12     | Noticed Erica
  8165 | D:12     | Noticed a wizard
  8165 | D:12     | Noticed a wizard
  8175 | D:12     | Noticed a cyclops
  8181 | D:12     | Noticed a manticore
  8182 | D:12     | Noticed Rupert
  8191 | D:12     | Noticed a two-headed ogre
  8202 | D:12     | Killed a two-headed ogre
  8210 | D:12     | Reached skill level 12 in Maces & Flails
  8269 | D:12     | Noticed a storm dragon
  8284 | D:12     | Noticed a four-headed hydra
  8315 | D:12     | Killed a wizard
  8333 | D:12     | Killed a wizard
  8372 | D:12     | Killed a deep elf knight
  8373 | D:12     | Reached skill level 10 in Fighting
  8374 | D:12     | Killed a manticore
  8450 | D:12     | Noticed a tengu reaver
  8453 | D:12     | Noticed a yaktaur captain
  8458 | D:12     | Killed from afar by a tengu reaver

Illustrated notes

Levels and vault maps discovered:
D:1:      dpeg_arrival_stone_temple_mockup, layout_basic, minmay_crystal_room,
          minmay_heptomino_h4
D:2:      layout_loops_cross, dreamdust_ecumenical_altar_drowned_temple,
          kennysheep_decorative_pillar, minmay_tiny_reverse_x
D:3:      layout_loops_cross, portal_sewer_entry_e,
          gammafunk_ghost_nasty_kobolds, corexii_leaking_fountain,
          hangedman_abyss_or_decor_lesser_grid, kennysheep_nondescript,
          minmay_misc_feat_encased, kennysheep_generic_room_2
D:4:      due_chaos_kobolds, layout_loops_ring,
          grunt_temple_overflow_lords_of_destruction,
          nicolae_hepliaklqana_hippocampus
D:5:      layout_basic, mainiacjoe_overflow_alcove_2, grunt_gozag_breadcrumbs
D:6:      minmay_flawed_box, layout_loops_ring, mainiacjoe_overflow_alcove_1,
          uniq_prince_ribbit1, uniq_crazy_yiuf_cottage, uniq_maggie
D:7:      layout_basic, minmay_temple_entry_large_hall,
          nicolae_ossuary_entry_catacombs, minmay_misc_feat_alley, uniq_pikel
D:8:      layout_loops_ring, lemuel_doored_altar, nemelex_diamond_rough_becter,
          lemuel_tele_altar, nicolae_sextant
D:9:      layout_roguey, nicolae_dithmenos_through_a_glass_darkly, david_orc_3,
          serial_nicolae_subway, nicolae_sub_station_stone,
          nicolae_sub_station_metal, nicolae_sub_station_crystal
D:10:     layout_big_octagon, dancing_weapons_uskayaw, tso_oasis_becter,
          david_lair_generic
D:11:     layout_loops_ring
D:12:     minmay_chopped_fan, layout_layer_cave, sword_in_stone, uniq_snorg,
          uniq_rupert

Skill      XL: |  1  2  3  4  5  6  7  8  9 10 11 |
---------------+----------------------------------+-----
Fighting       | 4 5 6 7 8 10 | 10.0
Dodging        | 3 |  3.0
Unarmed Combat | 4 |  4.1
Maces & Flails | 1 2 3 5 7 9 10 12 | 12.4
Armour         | 1 2 3 4 5 6 8 |  8.1
Evocations     | 2 |  2.7

Action                     |  1- 3 |  4- 6 |  7- 9 | 10-12 || total
---------------------------+-------+-------+-------+-------++-------
  Melee: Unarmed           |    69 |       |       |       ||    69
         Mace              |    11 |    74 |   250 |   400 ||   735
  Throw: Dart              |       |       |     1 |     1 ||     2
 Invoke: Potion Petition   |       |       |       |     2 ||     2
  Evoke: Wand              |       |       |    10 |    23 ||    33
    Use: Scroll            |     6 |     6 |     5 |     6 ||    23
         Potion            |       |       |     4 |     6 ||    10
   Stab: Distracted        |       |       |       |     1 ||     1
 Armour: Robe              |    11 |       |       |       ||    11
         Chain mail        |    11 |    60 |   137 |   276 ||   484
  Dodge: Dodged            |    37 |    57 |   105 |   197 ||   396
